 Dungeon Crawl Stone Soup version 0.29-a0-582-ge82337ba6a (webtiles) character file.

Game seed: 10993433795681148804

860 mandarbmax the Archer (level 8, -2/58 HPs)
             Began as a Barachi Hunter on June 15, 2022.
             Slain by a gnoll shaman
             ... wielding a +0 club
              (11 damage)
             ... on level 5 of the Dungeon.
             The game lasted 00:11:00 (5408 turns).

mandarbmax the Archer (Barachi Hunter)              Turns: 5408, Time: 00:11:00

Health: -2/58      AC:  5    Str: 13    XL:     8   Next: 2%
Magic:  8/8        EV: 12    Int:  9    God:
Gold:   281        SH:  0    Dex: 18    Spells: 7/7 levels left

rFire   . . .      SeeInvis .   a - +1 shortbow
rCold   . . .      Faith    .   (shield currently unavailable)
rNeg    . . .      Spirit   .   b - +0 leather armour
rPois   .          Reflect  .   (no helmet)
rElec   .          Harm     .   (no cloak)
rCorr   .          Rampage  .   (no gloves)
Will    .....                   u - +1 pair of boots
Stlth   ++........              h - amulet of magic regeneration
HPRegen 0.19/turn               (no ring)
MPRegen 0.51/turn               (no ring)

@: slow
A: amphibious, slowness 1, strong legs 1, +LOS
a: Hop


You were on level 5 of the Dungeon.
You visited 1 branch of the dungeon, and saw 5 of its levels.
You also visited: Sewer.

You collected 281 gold pieces.

Inventory:

Hand Weapons
 a - a +1 shortbow (weapon)
Armour
 b - a +0 leather armour (worn)
 u - a +1 pair of boots (worn)
Jewellery
 h - an amulet of magic regeneration (around neck)
 k - a ring of ice
Wands
 n - a wand of mindburst (17)
 x - a wand of flame (15)
Scrolls
 c - a scroll of immolation
 f - a scroll of amnesia {unknown}
 j - 7 scrolls of teleportation
 o - a scroll of enchant armour {unknown}
 r - a scroll of fear {unknown}
 s - a scroll of enchant weapon {unknown}
 v - a scroll of noise {unknown}
 y - 2 scrolls of poison {unknown}
 z - a scroll of magic mapping {unknown}
Potions
 d - 3 potions of curing
 e - a potion of resistance
 i - a potion of ambrosia {unknown}
 l - a potion of brilliance
 m - a potion of magic {unknown}
 p - a potion of might
 q - a potion of mutation {unknown}
 t - a potion of degeneration {unknown}
 w - a potion of berserk rage


   Skills:
 + Level 3.0 Fighting
 * Level 8.6 Bows
 + Level 2.7 Dodging
 - Level 0.8 Stealth
 - Level 4.0 Evocations


You had 7 spell levels left.
You didn't know any spells.
Your spell library was empty.

Dungeon Overview and Level Annotations

Branches:
Dungeon (5/15)              Sewer (visited)
 Temple: D:4-7

Altars:

Shops:
D:2 ((


Innate Abilities, Weirdness & Mutations

You are amphibious.
You cover ground slowly.
You can hop short distances.
You have an extended range of vision and can be seen from far away.


Message History

The gnoll shaman hits you with a +0 club!
Shoot: a) +1 shortbow
Press: ? - help, Q - select action, (/) - cycle Shift-Dir - straight line, f/p - gnoll shaman
Aim: a gnoll shaman, wielding a +0 club and wearing a +0 leather armour (lightly wounded, 70% to hit)
You shoot an arrow.
The arrow hits the gnoll shaman but does no damage.
The gnoll shaman is lightly wounded.
The gnoll shaman hits you with a +0 club!
* * * LOW HITPOINT WARNING * * *
Shoot: a) +1 shortbow
Press: ? - help, Shift-Dir - straight line, f/p - gnoll shaman
Aim: a gnoll shaman, wielding a +0 club and wearing a +0 leather armour (lightly wounded, 70% to hit)
Aiming: Mindburst
Press: ? - help, Shift-Dir - straight line, f/p - gnoll shaman
Aim: a gnoll shaman, wielding a +0 club and wearing a +0 leather armour (lightly wounded, chance to affect: 79%)
The gnoll shaman's mind is blasted!
The gnoll shaman barely misses you.
Unknown command.
Shoot: a) +1 shortbow
Press: ? - help, Q - select action, (/) - cycle Shift-Dir - straight line, f/p - gnoll shaman
Aim: a gnoll shaman, wielding a +0 club and wearing a +0 leather armour (almost dead, 70% to hit)
You shoot an arrow.
The arrow closely misses the gnoll shaman.
You are ready to hop once more.
The gnoll shaman hits you but does no damage.
Unknown command.
Shoot: a) +1 shortbow
Press: ? - help, Q - select action, (/) - cycle Shift-Dir - straight line, f/p - gnoll shaman
Aim: a gnoll shaman, wielding a +0 club and wearing a +0 leather armour (almost dead, 70% to hit)
You shoot an arrow. The arrow hits the gnoll shaman.
The gnoll shaman is almost dead.
The gnoll shaman hits you but does no damage.
Shoot: a) +1 shortbow
Press: ? - help, Q - select action, (/) - cycle Shift-Dir - straight line, f/p - gnoll shaman
Aim: a gnoll shaman, wielding a +0 club and wearing a +0 leather armour (almost dead, 70% to hit)
You shoot an arrow.
The arrow barely misses the gnoll shaman.
The gnoll shaman mumbles some strange prayers to its god against you.
You resist with some effort.
The gnoll shaman hits you with a +0 club!
You die...

### #### ### #
###..###..####.####
#..#..........##.....##
#......##.....##......#
#.......#......##.....#
#..#...#.....>#..).#
#...##......@g).).##
#...##.##...)))...#
#.......#........##
#.......##.....#.##
#.)........##..#..#
#..........##.....# #
####.........###....>..
###..........####..........
<..............##...##.......


You could see a gnoll shaman.

Vanquished Creatures
  A water moccasin (Sewer)
  A bullfrog (D:5)
  2 necrophages (D:5)
  A scorpion (D:5)
  2 hounds (D:5)
  A jelly (D:5)
  An iguana (D:5)
  Jessica (D:3)
  An orc wizard (D:3)
  Ijyb (D:3)
  Natasha (twice) (D:3)
  9 adders
  10 gnolls
  A shadow imp (D:5)
  An ufetubus (D:5)
  5 worms
  A dart slug (D:2)
  4 orcs
  5 ball pythons
  3 endoplasms
  3 giant cockroaches
  2 goblins (D:2)
  4 hobgoblins
  4 kobolds
  A quokka (D:5)
  7 bats
  4 frilled lizards
  5 rats
83 creatures vanquished.

Notes
Turn   | Place    | Note
-------+----------+-------------------------------------------
     0 | D:1      | mandarbmax the Barachi Hunter began the quest for the Orb.
     0 | D:1      | Reached XP level 1. HP: 17/17 MP: 1/1
   271 | D:1      | Reached XP level 2. HP: 23/23 MP: 2/2
   708 | D:2      | Reached skill level 5 in Bows
   708 | D:2      | Reached XP level 3. HP: 7/28 MP: 3/3
   986 | D:2      | Found Holuem's Antique Weapon Boutique.
  1015 | D:2      | Found Ifef's Antique Weapon Emporium.
  1364 | D:2      | Reached XP level 4. HP: 34/34 MP: 4/4
  1700 | D:3      | Noticed Ijyb
  1708 | D:3      | Killed Ijyb
  1853 | D:3      | Reached skill level 6 in Bows
  1865 | D:3      | Noticed Jessica
  1867 | D:3      | Killed Jessica
  1868 | D:3      | Reached XP level 5. HP: 38/39 MP: 5/5
  1900 | D:3      | Reached skill level 1 in Evocations
  2482 | D:3      | Noticed Natasha
  2621 | D:3      | Killed Natasha
  2752 | D:3      | Noticed Natasha
  2929 | D:3      | Killed Natasha
  3260 | D:4      | Reached XP level 6. HP: 46/46 MP: 6/6
  4254 | D:5      | Entered Level 5 of the Dungeon
  4268 | D:5      | Reached skill level 7 in Bows
  4344 | D:5      | Found a glowing drain.
  4366 | D:5      | Reached XP level 7. HP: 30/51 MP: 7/7
  4404 | Sewer    | Entered a sewer
  4664 | Sewer    | Reached skill level 8 in Bows
  5386 | D:5      | Reached XP level 8. HP: 14/58 MP: 8/8
  5402 | D:5      | HP: 2/58 [gnoll shaman/+0 club (5)]
  5408 | D:5      | Slain by a gnoll shaman

Illustrated notes

Levels and vault maps discovered:
D:1:      dpeg_arrival_boxes_within_box, layout_basic
D:2:      layout_loops_ring, serial_shops, shop, nicolae_shop_trees
D:3:      layout_loops_ring, kennysheep_potato, uniq_ijyb, uniq_jessica,
          uniq_natasha
D:4:      layout_layer_cave
D:5:      layout_cave_pools, cheibrodos_sewer_entry_sluice

Skill      XL: |  1  2  3  4  5  6  7 |
---------------+----------------------+-----
Bows           | 5 6 7 8 |  8.6
Evocations     | 2 3 4 |  4.0
Fighting       | 3 |  3.0
Dodging        | |  2.7
Stealth        | |  0.8

Action                   |  1- 3 |  4- 6 |  7- 9 || total
-------------------------+-------+-------+-------++-------
Melee: Unarmed           |       |     6 |       ||     6
 Fire: Shortbow          |    74 |   159 |   126 ||   359
 Abil: Hop               |       |       |     6 ||     6
Evoke: Wand              |       |       |     4 ||     4
  Use: Potion            |       |     1 |     4 ||     5
       Scroll            |       |     1 |     2 ||     3
Armor: Leather armour    |     9 |     8 |    16 ||    33
       Skin              |       |     2 |       ||     2
Dodge: Dodged            |    26 |    55 |    59 ||   140

Table legend: (Time is in decaauts)
 A = Elapsed time spent in this place.
 B = Non-inter-level travel time spent in this place.
 C = Inter-level travel time spent in this place.
 D = Time resting spent in this place.
 E = Time spent auto-exploring this place.
 F = Levels seen in this place.
 G = Mean time per level.
                   A        B        C        D        E       F      G
               +--------+--------+--------+--------+--------+-----+--------+
         Total |   6116 |   5939 |    177 |    855 |   4292 |   6 | 1019.3 |
       Dungeon |   5609 |   5432 |    177 |    456 |   4242 |   5 | 1121.8 |
         Sewer |    506 |    506 |      0 |    399 |     49 |   1 |  506.0 |
               +--------+--------+--------+--------+--------+-----+--------+

Top non-repeatable levels by time:
     D:4: 1547 daAuts
     D:3: 1492 daAuts
     D:1: 1090 daAuts
     D:2: 753 daAuts
     D:5: 726 daAuts
   Sewer: 506 daAuts
